 Dungeon Crawl Stone Soup version 0.28.0-53-g5a82cb258f (webtiles) character file.

Game seed: 17448511650158201791

383 cbfl8 the Skirmisher (level 6, 0/48 HPs)
             Began as a Demonspawn Berserker on Sept 9, 2022.
             Was a Believer of Trog.
             Slain by a phantom (5 damage)
             ... on level 5 of the Dungeon.
             The game lasted 00:05:54 (5642 turns).

cbfl8 the Skirmisher (Demonspawn Berserker)         Turns: 5642, Time: 00:05:55

Health: 0/48       AC: 15    Str: 17    XL:     6   Next: 47%
Magic:  6/6        EV:  3    Int:  9    God:    Trog [**....]
Gold:   113        SH: 11    Dex: 14    Spells: 5/5 levels left

rFire   . . .      SeeInvis .   a - +0 hand axe
rCold   . . .      Faith    .   h - +0 tower shield
rNeg    . . .      Spirit   .   d - +0 chain mail
rPois   .          Reflect  .   (helmet restricted)
rElec   .          Harm     .   (no cloak)
rCorr   .          Rampage  .   (no gloves)
Will    .....                   (no boots)
Stlth   ..........              (no amulet)
HPRegen 0.16/turn               (no ring)
MPRegen 0.10/turn               (no ring)

@: sanguine armoured, on berserk cooldown, slowed, very slow
A: horns 1, sanguine armour 1, demonic magic 1
a: Renounce Religion, Berserk, Trog's Hand


You were on level 5 of the Dungeon.
You worshipped Trog.
Trog was pleased with you.
You visited 1 branch of the dungeon, and saw 5 of its levels.

You collected 113 gold pieces.

Inventory:

Hand Weapons
 a - a +0 hand axe (weapon)
Missiles
 e - a throwing net (quivered)
Armour
 d - a +0 chain mail (worn)
 h - a +0 tower shield (worn)
Scrolls
 b - a scroll of enchant weapon
 c - a scroll of enchant armour
 i - a scroll of silence
 j - a scroll of fog
 k - a scroll of magic mapping {unknown}
 l - a scroll of fear {unknown}
 n - a scroll of blinking {unknown}
 o - a scroll of identify
Potions
 f - a potion of resistance {unknown}
 g - a potion of cancellation {unknown}
 m - a potion of degeneration {unknown}


   Skills:
 * Level 4.1 Fighting
 * Level 4.1 Axes
 + Level 2.8 Armour
 * Level 3.3 Dodging
 + Level 0.2 Stealth
 + Level 1.1 Shields
 * Level 1.7 Evocations


You had 5 spell levels left.
You didn't know any spells.
Your spell library was empty.

Dungeon Overview and Level Annotations

Branches:
Dungeon (5/15)             Temple (0/1) D:4

Altars:
Cheibriados
Gozag
Kikubaaqudgha
Trog
Zin
Beogh

Shops:
D:3 *


Innate Abilities, Weirdness & Mutations

You have a pair of small horns on your head.
When seriously injured, your blood forms armour. (AC +6)
Spells you cast may paralyse adjacent enemies.


Message History

You feel sick. The phantom hits you! You block the gnoll sergeant's attack.
You slash the gnoll!
You kill the gnoll!
Trog accepts your kill.
You hit the phantom but do no damage.
You feel sick. You block the phantom's attack.
The gnoll sergeant barely misses you.
Your Shields skill increases to level 1!
You feel sick.
Things that are here:
a +0 flail; a +0 whip of venom You closely miss the gnoll sergeant.
You hit the gnoll. You miss the phantom. You block the gnoll sergeant's attack.
The gnoll hits you with a +2 vampiric spear.
You completely miss the gnoll sergeant. You hit the gnoll.
You completely miss the phantom.
You feel sick.
The phantom hits you but does no damage.
The gnoll sergeant hits you with a +0 trident of protection.
The gnoll hits you but does no damage.
You hit the gnoll sergeant.
The gnoll sergeant is lightly wounded.
You closely miss the gnoll. You hit the phantom.
You feel sick.
You are no longer poisoned.
The phantom hits you but does no damage.
The gnoll sergeant hits you with a +0 trident of protection!
* * * LOW HITPOINT WARNING * * *
The gnoll drinks a potion.
The gnoll is healed!
The phantom hits you.
* * * LOW HITPOINT WARNING * * *
You hit the gnoll sergeant. You headbutt the gnoll sergeant.
The gnoll sergeant is moderately wounded.
You closely miss the phantom. You completely miss the gnoll.
The gnoll sergeant hits you but does no damage.
The gnoll hits you but does no damage. The phantom hits you.
* * * LOW HITPOINT WARNING * * *
The phantom blinks!
You blink.
You miss the phantom.
The phantom is severely damaged.
You are no longer berserk.
You are exhausted.
You feel yourself slow down. The phantom hits you.
You die...

#.# #.# #.###.. #.# #.#
#.# #.. #.# #.# #.# #..
#.############.# #..
#..............# #..
#.###########..###..
####'####...####.......
#≈§≈.§≈§# #...........#
#§..#§@W# #######.#####
#§.#.#.§# ........#
+.#.#.#§+ #########
#≈g#g#.§# #≈§)#..§#
#≈≈≈.§≈§# ####+####


You could see a phantom, a gnoll sergeant and a gnoll.

Vanquished Creatures
  A scorpion (D:4)
  A howler monkey (D:3)
  A jelly (D:5)
  2 orc priests
  An iron imp (D:4)
  Jessica (D:2)
  3 gnolls (D:5)
  4 adders
  2 worms
  A dart slug (D:1)
  12 orcs
  A ball python (D:1)
  5 endoplasms
  2 giant cockroaches
  7 goblins
  4 hobgoblins
  3 jackals
  A quokka (D:2)
  3 bats
  2 frilled lizards
  7 kobolds
  3 rats
67 creatures vanquished.

Notes
Turn   | Place    | Note
-------+----------+-------------------------------------------
     0 | D:1      | cbfl8 the Demonspawn Berserker began the quest for the Orb.
     0 | D:1      | Reached XP level 1. HP: 18/18 MP: 1/1
   221 | D:1      | Gained mutation: Spells you cast may paralyse adjacent
                  | enemies. [demonic ancestry]
   221 | D:1      | Reached XP level 2. HP: 24/24 MP: 2/2
   324 | D:1      | Found a faded altar of an unknown god.
   954 | D:2      | Gained mutation: You have a pair of small horns on your
                  | head. [demonic ancestry]
   954 | D:2      | Reached XP level 3. HP: 26/29 MP: 3/3
  1022 | D:2      | Noticed Jessica
  1030 | D:2      | Killed Jessica
  1374 | D:2      | Reached XP level 4. HP: 15/36 MP: 4/4
  2439 | D:3      | Reached ** piety under Trog
  2768 | D:3      | Reached skill level 1 in Evocations
  2910 | D:3      | Found an opulent altar of Gozag.
  3367 | D:3      | Found a bloodstained altar of Trog.
  3466 | D:3      | Found Buarphe's Assorted Antiques.
  3511 | D:3      | Reached XP level 5. HP: 20/42 MP: 5/5
  4519 | D:4      | Found a staircase to the Ecumenical Temple.
  4729 | D:4      | Found a snail-covered altar of Cheibriados.
  4920 | D:4      | Found an ancient bone altar of Kikubaaqudgha.
  4994 | D:4      | Gained mutation: When seriously injured, your blood forms
                  | armour. (AC +6) [demonic ancestry]
  4994 | D:4      | Reached XP level 6. HP: 37/48 MP: 6/6
  5529 | D:5      | Entered Level 5 of the Dungeon
  5637 | D:5      | Reached skill level 1 in Shields
  5642 | D:5      | Slain by a phantom

Illustrated notes

Levels and vault maps discovered:
D:1:      dpeg_arrival_central, layout_rooms,
          hellmonk_ecumenical_altar_defaced_shrine
D:2:      layout_loops_corners, uniq_jessica
D:3:      layout_basic, mainiacjoe_overflow_alcove_1, lemuel_round_altar,
          serial_shops, shop, minmay_crystal_room, grunt_ministairs_5,
          minmay_goblin_outpost
D:4:      layout_basic, chei_slow_surprise, mainiacjoe_overflow_cross_hatched,
          old_standard_altar, minmay_temple_entry_proselytizer
D:5:      layout_loops_ring, riverfiend_overflow_shadow_ancestor,
          nrook_pool_corridor, minmay_fountain_box, kennysheep_generic_room_10

Skill      XL: |  1  2  3  4  5  6 |
---------------+-------------------+-----
Axes           | 3 4 |  4.1
Dodging        | 2 3 |  3.3
Armour         | 2 |  2.8
Evocations     | 1 |  1.7
Fighting       | 4 |  4.1
Shields        | 1 |  1.1
Stealth        | |  0.2

Action                   |  1- 3 |  4- 6 || total
-------------------------+-------+-------++-------
Melee: Hand axe          |    81 |   158 ||   239
       Punch             |     1 |       ||     1
       Headbutt          |     3 |    29 ||    32
Invok: Berserk           |       |     2 ||     2
       Trog's Hand       |       |     1 ||     1
  Use: Scroll            |       |     4 ||     4
Armor: Chain mail        |    55 |    84 ||   139
Dodge: Dodged            |    24 |    21 ||    45
Block: Tower shield      |       |    89 ||    89
